[Event "Team 45 45 League T77"]
[Site "Internet Chess Club"]
[Date "2018.07.31"]
[Round "6"]
[White "PsyMar"]
[Black "WzeroMN"]
[Result "1-0"]
[WhiteElo "1308"]
[BlackElo "1041"]
[Opening "Scotch opening"]
[ECO "C44"]
[Time "09:25:43"]
[TimeControl "2700+45"]

1. e4 e5 2. Nf3 Nc6 3. d4 Bb4+ 4. c3 Bd6 5. d5 Nce7 6. Be3 Nf6 7. Nbd2 O-O 8.
Bd3 c6 9. c4 cxd5 10. cxd5 Ng4 11. Ng5 Nxe3 12. fxe3 Qb6 13. Nc4 Qxe3+ 14. Nxe3
{Black resigns} 1-0

[Event "Team 45 45 League T77"]
[Site "Internet Chess Club"]
[Date "2018.07.26"]
[Round "6"]
[White "kaiclc"]
[Black "Chessfish"]
[Result "0-1"]
[WhiteElo "1360"]
[BlackElo "1732"]
[Opening "Ruy Lopez: Anderssen variation"]
[ECO "C77"]
[Time "18:47:08"]
[TimeControl "2700+45"]

1. e4 e5 2. Nf3 Nc6 3. Bb5 a6 4. Ba4 Nf6 5. d3 b5 6. Bb3 Bc5 7. O-O O-O 8. c3 d6
9. h3 h6 10. Nbd2 Ne7 11. Re1 Ng6 12. Nf1 Re8 13. Ng3 Bb6 14. a4 Rb8 15. Nh2 c6
16. Nh5 Nxh5 17. Qxh5 d5 18. Ng4 Bxg4 19. Qxg4 Re6 20. axb5 Nh4 21. Qe2 Rg6 22.
g4 Rf6 23. Rf1 Rf3 24. Kh2 Qf6 25. Be3 axb5 26. Bc2 h5 27. exd5 hxg4 28. hxg4 e4
29. Bxb6 Qf4+ 30. Kg1 Qxg4+ 31. Kh2 Rh3# {White checkmated} 0-1

[Event "Team 45 45 League T77"]
[Site "Internet Chess Club"]
[Date "2018.07.27"]
[Round "6"]
[White "pokerram"]
[Black "zethhon"]
[Result "1-0"]
[WhiteElo "1622"]
[BlackElo "1375"]
[Opening "Sicilian: Kan, Maróczy bind (Réti variation)"]
[ECO "B41"]
[Time "20:30:22"]
[TimeControl "2700+45"]

1. e4 c5 2. Nf3 e6 3. d4 cxd4 4. Nxd4 a6 5. c4 d6 6. Nc3 Nf6 7. Qd3 Be7 8. Be2
O-O 9. O-O b6 10. Be3 Bb7 11. f3 Nbd7 12. b4 Rc8 13. f4 Qc7 14. Rac1 a5 15. Ndb5
Qc6 16. Na7 Qc7 17. Nxc8 Qxc8 18. a3 Ba6 19. Nb5 Qc6 20. Bf3 e5 21. Na7 Qb7 22.
Nb5 Qc6 23. f5 Bb7 24. Na7 Qc7 25. Nb5 Qc6 26. Rfd1 Nxe4 27. Na7 Qc7 28. Nb5 Qc6
29. Bxe4 Qxe4 30. Qxe4 Bxe4 31. Nxd6 axb4 32. Nxe4 bxa3 33. Rxd7 Bb4 34. Bxb6 a2
35. Ra1 Ra8 {Black resigns} 1-0

[Event "Team 45 45 League T77"]
[Site "Internet Chess Club"]
[Date "2018.07.31"]
[Round "6"]
[White "Arthurhon"]
[Black "Megasus"]
[Result "0-1"]
[WhiteElo "1357"]
[BlackElo "1531"]
[Opening "Queen's pawn game"]
[ECO "A45"]
[Time "05:00:24"]
[TimeControl "2700+45"]

1. d4 Nf6 2. Nc3 c6 3. Bf4 d6 4. Nf3 Bf5 5. e3 Qc8 6. Be2 Na6 7. a3 Nc7 8. O-O
Ncd5 9. Nxd5 Nxd5 10. Bg3 h5 11. h3 f6 12. c4 Nc7 13. Nh4 g6 14. Nxf5 gxf5 15.
Bxh5+ Kd8 16. Bf3 Ne6 17. Rc1 Ng5 18. Be2 Qe6 19. Qb3 Rb8 20. d5 Qd7 21. c5 f4
22. Bxf4 Nxh3+ 23. gxh3 Qxh3 24. Bf3 Qxf3 25. Bh2 Qh3 26. Rfd1 Qxh2+ 27. Kf1
Qh1+ 28. Ke2 Qh5+ 29. Kd2 Qf3 30. Rf1 Rh2 31. cxd6 Rxf2+ 32. Rxf2 Qxf2+ 33. Kd3
Qf5+ 34. Ke2 Qxd5 35. dxe7+ Kxe7 36. Qb4+ Kf7 37. Rd1 Qg2+ 38. Ke1 Bxb4+ 39.
axb4 Qg3+ 40. Kd2 Rd8+ 41. Kc1 Qxe3+ 42. Kc2 Rxd1 43. Kxd1 Qb3+ 44. Ke1 Qxb4+
45. Kd1 Qxb2 46. Ke1 a5 47. Kf1 a4 48. Kg1 a3 49. Kf1 a2 50. Ke1 a1=Q# {White
checkmated} 0-1

[Event "Team 45 45 League T77"]
[Site "Internet Chess Club"]
[Date "2018.07.29"]
[Round "6"]
[White "AVEMARIA"]
[Black "FlyingTiger"]
[Result "0-1"]
[WhiteElo "1615"]
[BlackElo "1736"]
[Opening "Scandinavian defense"]
[ECO "B01"]
[Time "11:30:58"]
[TimeControl "2700+45"]

1. e4 d5 2. exd5 Nf6 3. d4 Bg4 4. Nf3 Qxd5 5. Be2 Nc6 6. c4 Qf5 7. Nc3 O-O-O 8.
Be3 e6 9. O-O h5 10. Nh4 Bxe2 11. Qxe2 Qg4 12. Nf3 Bd6 13. h3 Qg6 14. a3 Ng4 15.
Nb5 Nxe3 16. Nxd6+ Rxd6 17. fxe3 f6 18. b4 Qe4 19. Nd2 Qh4 20. Rf4 Nxd4 21. Rxd4
Rxd4 22. exd4 Qxd4+ 23. Kh2 Qxa1 24. Qxe6+ Kb8 {White resigns} 0-1

[Event "Team 45 45 League T77"]
[Site "Internet Chess Club"]
[Date "2018.07.26"]
[Round "6"]
[White "krysto"]
[Black "DaveTheRook"]
[Result "0-1"]
[WhiteElo "1550"]
[BlackElo "1620"]
[Opening "Nimzo-Indian: 4.e3, main line"]
[ECO "E59"]
[Time "19:19:47"]
[TimeControl "2700+45"]

1. d4 Nf6 2. c4 e6 3. Nc3 Bb4 4. e3 O-O 5. Nf3 c5 6. Bd3 d5 7. O-O Nc6 8. a3
Bxc3 9. bxc3 dxc4 10. Bxc4 Qc7 11. Bd3 e5 12. e4 exd4 13. cxd4 Nxd4 14. Nxd4
cxd4 15. Bb2 Ng4 16. g3 Ne5 17. Bxd4 Nxd3 18. Qxd3 Bh3 19. Rac1 Bxf1 20. Qxf1
Qd7 21. Rd1 Rfd8 22. Rd3 Rac8 23. Kg2 Rc4 {White resigns} 0-1

[Event "Team 45 45 League T77"]
[Site "Internet Chess Club"]
[Date "2018.07.29"]
[Round "6"]
[White "bayoumicardio10"]
[Black "scostanzo212"]
[Result "1/2-1/2"]
[WhiteElo "1623"]
[BlackElo "1544"]
[Opening "Sicilian, Chekhover variation"]
[ECO "B53"]
[Time "14:02:40"]
[TimeControl "2700+45"]

1. e4 c5 2. Nf3 d6 3. d4 cxd4 4. Qxd4 Nc6 5. Bb5 Bd7 6. Bxc6 Bxc6 7. O-O Nf6 8.
Nc3 b6 9. Bg5 Nd7 10. Rad1 Nc5 11. Rfe1 Ne6 12. Qe3 Nxg5 13. Qxg5 e6 14. Qxd8+
Rxd8 15. Nd4 Bb7 16. Ndb5 a6 17. Nd4 Be7 18. Rd3 O-O 19. Red1 Rd7 20. Nb3 Rfd8
21. f4 Bc6 22. Nd4 Bb7 23. Nf3 Bc6 24. Nd4 Bb7 25. Nde2 Bc6 26. a4 Kf8 27. Nd4
Bb7 28. b4 Kg8 29. b5 a5 30. Nf3 Rc7 31. e5 d5 32. Nd4 Rdc8 33. Nce2 Rc4 34. Ra1
Bc5 35. Kf1 Kf8 36. g4 Ke7 37. c3 Bxd4 38. cxd4 Rb4 39. Rc3 Rxc3 40. Nxc3 Rxd4
41. Ne2 Rc4 42. Rc1 Rxc1+ 43. Nxc1 f6 44. Nb3 fxe5 45. fxe5 h6 46. Nd4 g6 47.
Kf2 Ba8 48. Kg3 Bb7 49. Kh4 Kf7 50. h3 Ke7 51. Kg3 Ba8 52. Kf3 Bb7 53. Ke3 Ba8
54. Ne2 Kf7 55. Kd4 Bb7 56. Nf4 Bc8 57. h4 Bb7 58. Ke3 Bc8 59. Ne2 Bb7 60. Nd4
Ke7 61. Kf4 Kf7 62. g5 h5 63. Ke3 Ke7 64. Kd3 Ba8 65. Kc3 Bb7 66. Kd2 Ba8 67.
Kc3 Bb7 68. Kd2 Ba8 69. Kc3 Bb7 {Game drawn by repetition} 1/2-1/2

[Event "Team 45 45 League T77"]
[Site "Internet Chess Club"]
[Date "2018.07.27"]
[Round "6"]
[White "Hectormercado"]
[Black "mongmong"]
[Result "0-1"]
[WhiteElo "1483"]
[BlackElo "1454"]
[Opening "French: King's Indian attack"]
[ECO "C00"]
[Time "20:04:10"]
[TimeControl "2700+45"]

1. e4 e6 2. d3 d5 3. Nd2 Nf6 4. Ngf3 b6 5. g3 dxe4 6. dxe4 Bb7 7. Qe2 Ba6 8. Qe3
Bxf1 9. Nxf1 Bc5 10. Qe2 O-O 11. Ne3 Nxe4 12. O-O Nf6 13. Ng2 Nbd7 14. Rd1 Qc8
15. b4 Bxb4 16. Qd3 Bc5 17. Bg5 a5 18. h4 Qa6 19. Qd2 Qc4 20. h5 Qg4 {White
resigns} 0-1

[Event "Team 45 45 League T77"]
[Site "Internet Chess Club"]
[Date "2018.07.26"]
[Round "6"]
[White "zethhon"]
[Black "LuFran"]
[Result "1-0"]
[WhiteElo "1382"]
[BlackElo "1548"]
[Opening "Queen's bishop game"]
[ECO "D02"]
[Time "20:00:30"]
[TimeControl "2700+45"]

1. d4 d5 2. Nf3 Nf6 3. Bf4 c5 4. c3 Nc6 5. e3 Qb6 6. Qb3 c4 7. Qc2 Bf5 8. Qc1 e6
9. Be2 Be7 10. O-O O-O 11. Nbd2 Rfc8 12. Ne5 Nxe5 13. Bxe5 Qd8 14. Nf3 h6 15.
Re1 b5 16. a4 b4 17. Bd1 a5 18. Bc2 Bxc2 19. Qxc2 b3 20. Qd2 Ne4 21. Qe2 Bd6 22.
Bxd6 Nxd6 23. Ne5 Qe8 24. f3 h5 25. f4 f6 26. Nf3 Qg6 27. Nh4 Qh7 28. Rf1 Re8
29. Rf3 g5 30. fxg5 fxg5 31. Rg3 Nf5 32. Nxf5 exf5 33. Rxg5+ Kh8 34. Rxh5 {Black
resigns} 1-0

[Event "Team 45 45 League T77"]
[Site "Internet Chess Club"]
[Date "2018.07.29"]
[Round "6"]
[White "BrianWood"]
[Black "Pawnchain"]
[Result "1-0"]
[WhiteElo "1523"]
[BlackElo "1478"]
[Opening "Catalan: closed"]
[ECO "E01"]
[Time "15:04:02"]
[TimeControl "2700+45"]

1. d4 Nf6 2. c4 e6 3. g3 d5 4. Bg2 Bb4+ 5. Bd2 Be7 6. Nc3 c6 7. Nf3 Nbd7 8. O-O
dxc4 9. a4 a5 10. e4 O-O 11. Qe2 Nb6 12. Rfd1 Qe8 13. Ne5 Nfd7 14. Nxc4 Nxc4 15.
Qxc4 Bb4 16. e5 Nb6 17. Qe2 Bxc3 18. bxc3 Qe7 19. c4 Re8 20. Bc1 Qb4 21. Bf1 Nd7
22. c5 b5 23. axb5 Bb7 24. Bd2 Qxd4 25. Bf4 Nxc5 26. Rxd4 Nb3 27. Rdd1 Nxa1 28.
Rxa1 cxb5 29. Qxb5 Bd5 30. Rxa5 Rab8 31. Qa4 h6 32. Qa1 Red8 33. Be3 Be4 34. Rb5
Ra8 35. Qb2 Bf3 36. Bd4 Bc6 37. Bg2 Bxb5 38. Bxa8 Rxa8 39. Qxb5 {Black resigns}
1-0

[Event "Team 45 45 League T77"]
[Site "Internet Chess Club"]
[Date "2018.07.30"]
[Round "6"]
[White "rkjulianjr"]
[Black "olivermx"]
[Result "1-0"]
[WhiteElo "1295"]
[BlackElo "1198"]
[Opening "QGD Slav defense: exchange variation"]
[ECO "D10"]
[Time "21:48:45"]
[TimeControl "2700+45"]

1. d4 d5 2. c4 c6 3. cxd5 cxd5 4. Bf4 Nf6 5. Nc3 Nc6 6. e3 a6 7. Rc1 e6 8. Bd3
Bd6 9. Bxd6 Qxd6 10. Nge2 O-O 11. O-O Bd7 12. a3 Rac8 13. e4 dxe4 14. Nxe4 Nxe4
15. Bxe4 Rcd8 16. d5 exd5 17. Bxd5 Be6 18. Bxc6 bxc6 19. Qa4 c5 20. Rfd1 Qb6 21.
Rxd8 Rxd8 22. Rd1 Rxd1+ 23. Qxd1 h6 24. Qd2 Qc7 25. Nf4 Bc4 26. h3 Qe7 27. Qc3
Qe4 28. Nh5 f6 29. Ng3 Qd4 30. Qxd4 cxd4 31. Ne4 Kf7 32. Nd2 Be2 33. f3 Bb5 34.
Kf2 a5 35. Nb3 d3 36. Ke3 a4 37. Nd2 Ke6 38. Kd4 Kd6 39. b4 f5 40. Nb1 g6 41.
Nc3 Kc6 42. Nxb5 Kxb5 43. Kxd3 g5 44. Kd4 f4 45. Kd5 h5 46. Kd4 g4 47. hxg4
{Black resigns} 1-0

[Event "Team 45 45 League T77"]
[Site "Internet Chess Club"]
[Date "2018.07.29"]
[Round "6"]
[White "idjit"]
[Black "az2112"]
[Result "1-0"]
[WhiteElo "1533"]
[BlackElo "1526"]
[Opening "Pirc: Austrian attack"]
[ECO "B09"]
[Time "12:07:26"]
[TimeControl "2700+45"]

1. e4 d6 2. d4 Nf6 3. Nc3 g6 4. f4 Bg7 5. Nf3 O-O 6. Bc4 c6 7. O-O b5 8. Bd3 a6
9. Be3 Nbd7 10. h3 Nb6 11. b3 Qc7 12. Qd2 c5 13. dxc5 dxc5 14. e5 Nfd5 15. Nxd5
Nxd5 16. c4 Nxe3 17. Qxe3 b4 18. Nd2 f5 19. a3 bxa3 20. Rxa3 Bd7 21. Rfa1 a5 22.
Be2 Ra7 23. Bf3 Rb8 24. Nb1 a4 25. bxa4 Rxa4 26. Rxa4 Bxa4 27. Nc3 Be8 28. Nd5
Qd7 29. Qxc5 e6 30. Ra7 Qd8 31. Nf6+ Bxf6 32. exf6 Qb6 33. Qxb6 Rxb6 34. c5 Rb1+
35. Kf2 Rc1 36. Ra5 Kf7 37. Ke3 Kxf6 38. Kd4 Rd1+ 39. Bxd1 {Black resigns} 1-0

[Event "Team 45 45 League T77"]
[Site "Internet Chess Club"]
[Date "2018.07.25"]
[Round "6"]
[White "joaoazm"]
[Black "Kingofknights"]
[Result "1-0"]
[WhiteElo "1518"]
[BlackElo "1431"]
[Opening "Caro-Kann: Steinitz variation"]
[ECO "B17"]
[Time "18:54:12"]
[TimeControl "2700+45"]

1. e4 c6 2. d4 d5 3. Nc3 dxe4 4. Nxe4 Nd7 5. Nf3 Ngf6 6. Ng3 e6 7. Bd3 c5 8. O-O
cxd4 9. Nxd4 Be7 10. Re1 O-O 11. Nb3 b6 12. Qf3 Rb8 13. Bf4 Bb7 14. Qe2 Rc8 15.
Nf5 Nc5 16. Nxe7+ Qxe7 17. Nxc5 Qxc5 18. Be5 Qc6 19. Qf1 Nd5 20. c4 Nb4 21. Be4
Qxe4 22. Rxe4 Bxe4 23. Qe2 Bd3 24. Qd2 Rxc4 25. Bd6 Rfc8 26. Bxb4 Rc2 27. Qg5 f6
28. Qe3 Kf7 29. Bc3 Bc4 30. Qe4 Re2 31. Qb7+ {Black resigns} 1-0

[Event "Team 45 45 League T77"]
[Site "Internet Chess Club"]
[Date "2018.07.28"]
[Round "6"]
[White "seattleblues"]
[Black "guyd52"]
[Result "1-0"]
[WhiteElo "1338"]
[BlackElo "1288"]
[Opening "King's Indian, 3.Nf3"]
[ECO "E61"]
[Time "07:10:06"]
[TimeControl "2700+45"]

1. d4 Nf6 2. Nf3 g6 3. c4 Bg7 4. Nc3 d6 5. Bf4 O-O 6. e3 Nbd7 7. Be2 Re8 8. O-O
e5 9. dxe5 Nh5 10. Bg5 f6 11. exf6 Bxf6 12. Bxf6 Nhxf6 13. Rc1 Nc5 14. b4 Ne6
15. Qc2 b6 16. Rfd1 Qe7 17. Ne4 Bb7 18. Ned2 Kg7 19. Nd4 c5 20. Nxe6+ Qxe6 21.
Bf3 Bxf3 22. Nxf3 cxb4 23. Qb2 a5 24. Nd4 Qe5 25. Qe2 Red8 26. Nc6 Qg5 27. Nxd8
Rxd8 28. Qf3 Qc5 29. Qf4 d5 30. cxd5 Rxd5 {Black resigns} 1-0

[Event "Team 45 45 League T77"]
[Site "Internet Chess Club"]
[Date "2018.07.28"]
[Round "6"]
[White "Conjurer"]
[Black "Just-Jim"]
[Result "0-1"]
[WhiteElo "1225"]
[BlackElo "1207"]
[Opening "Queen's pawn"]
[ECO "A40"]
[Time "13:07:49"]
[TimeControl "2700+45"]

1. d4 c6 2. Bf4 h6 3. Nf3 Na6 4. e3 b5 5. a3 e6 6. b4 Nf6 7. Bd3 Nd5 8. Bg3 Be7
9. O-O O-O 10. c4 bxc4 11. Bxc4 Nb6 12. Bb3 d5 13. Nbd2 Nd7 14. Ne5 Nxe5 15.
Bxe5 f6 16. Bg3 Bd6 17. f4 Nc7 18. Rc1 Qe8 19. Qc2 Bd7 20. Rf3 Nb5 21. Qa2 a5
22. f5 Bxg3 23. Rxg3 axb4 24. a4 Nc3 25. Rxc3 bxc3 26. Nf3 exf5 27. Qf2 Rb8 28.
Bc2 Rb2 29. Ne1 c5 30. Qf4 Bxa4 31. Bxa4 Qxa4 32. Qxh6 Rf7 33. Qf4 Qd1 34. Qf1
Re2 35. Nf3 Qxf1+ 36. Kxf1 Rxe3 {White resigns} 0-1

[Event "Team 45 45 League T77"]
[Site "Internet Chess Club"]
[Date "2018.07.29"]
[Round "6"]
[White "guyd52"]
[Black "mongmong"]
[Result "1/2-1/2"]
[WhiteElo "1295"]
[BlackElo "1447"]
[Opening "Réti opening"]
[ECO "A04"]
[Time "19:02:00"]
[TimeControl "2700+45"]

1. Nf3 e6 2. g3 Nf6 3. Bg2 d5 4. d3 c5 5. O-O Nc6 6. Nbd2 Be7 7. e4 O-O 8. exd5
Nxd5 9. Nc4 b5 10. Nce5 Nxe5 11. Nxe5 Bb7 12. c4 bxc4 13. dxc4 Qc7 14. cxd5 Qxe5
15. dxe6 Bxg2 16. exf7+ Rxf7 17. Kxg2 Qe4+ 18. Kg1 Raf8 19. Be3 a6 20. Qb3 Kh8
21. Rae1 {Game drawn by mutual agreement} 1/2-1/2

[Event "Team 45 45 League T77"]
[Site "Internet Chess Club"]
[Date "2018.07.30"]
[Round "6"]
[White "PsyMar"]
[Black "Aquaman"]
[Result "1-0"]
[WhiteElo "1302"]
[BlackElo "1219"]
[Opening "Sicilian: accelerated fianchetto, Maróczy bind"]
[ECO "B36"]
[Time "15:32:27"]
[TimeControl "2700+45"]

1. e4 c5 2. Nf3 Nc6 3. d4 cxd4 4. Nxd4 g6 5. c4 Nf6 6. Nc3 Bg7 7. Be2 O-O 8. Be3
e6 9. O-O a6 10. a4 Ne8 11. Qd2 Nxd4 12. Bxd4 Bxd4 13. Qxd4 Qf6 14. Qe3 Qg7 15.
f4 d6 16. Rad1 f5 17. e5 Qe7 18. Bf3 dxe5 19. fxe5 Rb8 20. Rd4 Bd7 21. Rfd1 Bc6
22. a5 Bxf3 23. gxf3 Qb4 24. Rd7 Qxc4 25. Qh6 Rf7 26. Rxf7 Kxf7 27. Rd7+ Kg8 28.
Qxh7+ {Black resigns} 1-0

[Event "Team 45 45 League T77"]
[Site "Internet Chess Club"]
[Date "2018.07.29"]
[Round "6"]
[White "Conjurer"]
[Black "Just-Jim"]
[Result "1-0"]
[WhiteElo "1240"]
[BlackElo "1192"]
[Opening "Queen's pawn"]
[ECO "A40"]
[Time "16:32:53"]
[TimeControl "2700+45"]

1. d4 h6 2. Bf4 d5 3. e3 Nf6 4. h3 a6 5. Nf3 Nh5 6. Bh2 Nf6 7. c4 Bf5 8. Nc3 Nc6
9. a3 dxc4 10. Bxc4 e6 11. O-O Be7 12. Rc1 O-O 13. b4 b5 14. Bb3 Ne4 15. d5 Nxc3
16. Rxc3 Na7 17. Bxc7 Qd7 18. Ne5 Qe8 19. d6 Bf6 20. d7 Qe7 21. Bd6 Qd8 22. Bxf8
Bxe5 23. Rc5 Bc7 24. Rxc7 Qxc7 25. Be7 Nc6 26. Bh4 g5 27. Bg3 Qd8 28. Qd6 Nb8
29. Rd1 h5 30. Qc7 Nxd7 31. Rxd7 Qxc7 32. Rxc7 Rd8 33. Be5 g4 34. h4 Be4 35. g3
Bf3 36. Rc1 Bd5 37. Bxd5 Rxd5 38. Rc8+ Kh7 39. Bd4 e5 40. Bc5 Rd1+ 41. Kg2 Rd3
42. Re8 f6 43. Re6 Kg6 44. Rxa6 Kf5 45. Be7 Ke4 46. Bxf6 Rb3 47. Bg5 Kd3 48.
Rd6+ Ke4 49. Ra6 Kd3 50. Ra5 e4 51. Rxb5 Rxa3 52. Rd5+ Kc4 53. Rd4+ Kc3 54. Rxe4
Ra4 55. Be7 Kd3 56. Rd4+ Kc3 57. b5 Ra7 58. Bb4+ Kb3 59. Bd6 Rb7 60. Rb4+ Kc3
61. e4 Rb6 62. e5 Rxd6 63. exd6 Kxb4 64. d7 Kxb5 65. d8=Q Kc4 66. Qg5 Kd3 67. f4
gxf3+ 68. Kxf3 Kc4 69. Qxh5 Kd3 70. Qe5 Kc4 71. Ke4 Kb3 72. Kd3 Kb4 73. Qd5 Ka3
74. Kc3 Ka4 75. Qb7 Ka5 76. Kc4 Ka4 77. Qb4# {Black checkmated} 1-0

[Event "Team 45 45 League T77"]
[Site "Internet Chess Club"]
[Date "2018.07.29"]
[Round "6"]
[White "WzeroMN"]
[Black "tasawyer81"]
[Result "0-1"]
[WhiteElo "1047"]
[BlackElo "1224"]
[Opening "Caro-Kann: advance variation"]
[ECO "B12"]
[Time "17:07:49"]
[TimeControl "2700+45"]

1. e4 c6 2. d4 d5 3. e5 c5 4. c3 Nc6 5. Bb5 a6 6. Bxc6+ bxc6 7. h3 Bf5 8. Nf3 e6
9. O-O cxd4 10. Nxd4 Bg6 11. b3 Qc7 12. Nf3 Bc5 13. Ba3 Bxa3 14. Nxa3 Ne7 15. b4
O-O 16. c4 dxc4 17. Nxc4 Rfd8 18. Qe2 Bd3 19. Qe1 Bxc4 {White resigns} 0-1

[Event "Team 45 45 League T77"]
[Site "Internet Chess Club"]
[Date "2018.07.29"]
[Round "6"]
[White "smsxman"]
[Black "Scorpius"]
[Result "1-0"]
[WhiteElo "1311"]
[BlackElo "1343"]
[Opening "Petrov three knights game"]
[ECO "C42"]
[Time "12:00:07"]
[TimeControl "2700+45"]

1. e4 e5 2. Nf3 Nf6 3. Nc3 Bb4 4. d3 d5 5. Bd2 Nc6 6. exd5 Nxd5 7. Be2 O-O 8.
O-O Nf4 9. Bxf4 exf4 10. Ne4 Bg4 11. a3 Ba5 12. b4 Bb6 13. c4 Bxf3 14. Bxf3 Nd4
15. c5 Nxf3+ 16. Qxf3 f5 17. Nc3 Qd4 18. Qd5+ Qxd5 19. Nxd5 Rad8 20. Nxf4 Rd4
21. Ne6 Rxd3 22. Nxf8 Kxf8 23. cxb6 axb6 24. g3 Kf7 25. Rfd1 Rf3 26. Rd7+ Kf6
27. Rxc7 h5 28. Rxb7 g5 29. Rxb6+ Ke5 30. Re1+ Kd4 31. Rd6+ Kc3 32. Re3+ Rxe3
33. fxe3 Kb3 34. Ra6 Kc4 35. Kf2 h4 36. gxh4 gxh4 37. Ra5 f4 38. exf4 h3 39. f5
Kd4 40. f6 Ke4 41. Rc5 Kd4 42. f7 Ke4 43. Kg3 Kd4 44. f8=Q Ke4 45. Qe7+ Kd4 46.
Qe5+ Kd3 47. Qc3+ Ke4 48. Re5# {Black checkmated} 1-0

[Event "Team 45 45 League T77"]
[Site "Internet Chess Club"]
[Date "2018.07.30"]
[Round "6"]
[White "oldprez1"]
[Black "GiantsFan"]
[Result "1-0"]
[WhiteElo "1252"]
[BlackElo "1145"]
[Opening "English: Carls' Bremen system"]
[ECO "A22"]
[Time "18:33:42"]
[TimeControl "2700+45"]

1. c4 e5 2. Nc3 Nf6 3. g3 Nc6 4. Bg2 d6 5. d3 Be7 6. Nf3 O-O 7. a3 d5 8. b3 Bf5
9. cxd5 Nxd5 10. Nxd5 Qxd5 11. e4 Bxe4 12. dxe4 Qxe4+ 13. Qe2 Qd5 14. O-O f6 15.
Qc4 Qxc4 16. bxc4 Na5 17. Nd2 Rad8 18. Bd5+ Kh8 19. Rb1 c6 20. Be4 Rd4 21. Re1
Nxc4 22. Nxc4 Rxc4 23. Rxb7 Bc5 24. Rc7 Rd8 25. Rxc6 Rxe4 26. Rxe4 Rd1+ 27. Kg2
Rxc1 28. Rc8+ Bf8 29. Rxf8# {Black checkmated} 1-0

[Event "Team 45 45 League T77"]
[Site "Internet Chess Club"]
[Date "2018.07.30"]
[Round "6"]
[White "RobertBuice"]
[Black "vedv"]
[Result "1-0"]
[WhiteElo "1053"]
[BlackElo "1052"]
[Opening "QGD: Chigorin defense, Janowski variation"]
[ECO "D20"]
[Time "09:30:28"]
[TimeControl "2700+45"]

1. d4 d5 2. c4 dxc4 3. Nc3 Nc6 4. Nf3 Bg4 5. Bf4 Bxf3 6. gxf3 Nxd4 7. e3 Nc6 8.
Bxc4 Qxd1+ 9. Rxd1 e5 10. Nd5 O-O-O 11. Bg3 Bb4+ 12. Nxb4 Rxd1+ 13. Kxd1 Nxb4
14. Bxe5 f6 15. Bd4 Ne7 16. Rg1 Nf5 17. Be6+ Kd8 18. Bxf5 g5 19. a3 Nd5 20. Bxa7
b6 21. Be4 Ne7 22. Ke2 Nc8 23. Rd1+ Ke7 24. Bb8 Nd6 25. Bxc7 Nc8 26. Bf5 b5 27.
Rd7+ Kf8 28. Bd6+ Nxd6 29. Rxd6 Kg7 30. Rd7+ Kh6 31. Rb7 Kh5 32. Rxb5 h6 33. Rb4
Rd8 34. Bg4+ Kg6 35. Be6 Rd6 36. Bc4 h5 37. Bd3+ f5 38. Rb5 Rf6 39. a4 g4 40.
fxg4 hxg4 41. f3 gxf3+ 42. Kxf3 Kg5 43. e4 Rf7 44. exf5 Kf6 45. Kf4 Ke7 46. Rb7+
Ke8 47. Rxf7 Kxf7 48. a5 Ke7 49. a6 Kd7 50. a7 Kc7 51. a8=Q Kb6 52. Qa6+ Kc7 53.
Ke5 Kd7 54. Bb5+ Kc7 55. Qc6+ Kb8 56. Qd7 Ka8 57. Bc6+ Kb8 58. Qb7# {Black
checkmated} 1-0

[Event "Team 45 45 League T77"]
[Site "Internet Chess Club"]
[Date "2018.07.25"]
[Round "6"]
[White "SeniorCitizen"]
[Black "g8wrb"]
[Result "0-1"]
[WhiteElo "1244"]
[BlackElo "1315"]
[Opening "French: advance, Euwe variation"]
[ECO "C02"]
[Time "15:00:24"]
[TimeControl "2700+45"]

1. e4 e6 2. d4 d5 3. e5 c5 4. c3 Nc6 5. Nf3 Bd7 6. Bd3 cxd4 7. cxd4 Qb6 8. Bc2
Bb4+ 9. Nc3 Nge7 10. O-O Nf5 11. Bxf5 exf5 12. Nxd5 Qa5 13. Nxb4 Qxb4 14. a3 Qb5
15. d5 Nd8 16. Rb1 O-O 17. Bf4 Rc8 18. Re1 Rc4 19. Qd2 Re8 20. Ng5 h6 21. e6
fxe6 22. dxe6 Nxe6 23. Nxe6 Bxe6 24. b3 Rc5 25. Qe2 Bf7 26. Qxb5 Rxb5 27. Rxe8+
Bxe8 28. h3 g5 29. Be5 Rxe5 {White resigns} 0-1

[Event "Team 45 45 League T77"]
[Site "Internet Chess Club"]
[Date "2018.07.28"]
[Round "6"]
[White "dabodhi"]
[Black "Andaluz"]
[Result "0-1"]
[WhiteElo "1286"]
[BlackElo "1269"]
[Opening "Sicilian defense"]
[ECO "B33"]
[Time "14:02:07"]
[TimeControl "2700+45"]

1. e4 c5 2. Nf3 Nc6 3. d4 cxd4 4. Nxd4 Nf6 5. Nc3 a6 6. h3 e6 7. Be3 d5 8. Bd3
Nxd4 9. Bxd4 dxe4 10. Bxe4 Be7 11. Bf3 O-O 12. O-O Nd7 13. Ne4 Qc7 14. Ng3 Nf6
15. Bc3 Bd7 16. Re1 Rfd8 17. Be5 Qb6 18. Bd4 Qc7 19. Be5 Qb6 20. Qe2 Bc6 21.
Rad1 Rxd1 22. Rxd1 Rd8 23. Nh5 Bxf3 24. Qxf3 Nxh5 25. Rxd8+ Qxd8 26. Qxh5 Qd2
27. Qg5 Bxg5 {White resigns} 0-1

[Event "Team 45 45 League T77"]
[Site "Internet Chess Club"]
[Date "2018.07.29"]
[Round "6"]
[White "SuperPuzzler"]
[Black "seattleblues"]
[Result "1-0"]
[WhiteElo "1317"]
[BlackElo "1320"]
[Opening "Caro-Kann: advance variation"]
[ECO "B12"]
[Time "22:06:19"]
[TimeControl "2700+45"]

1. e4 c6 2. d4 d5 3. e5 Bf5 4. Nf3 e6 5. Be2 Ne7 6. O-O Nd7 7. Nbd2 Nc8 8. Nc4
dxc4 9. Bxc4 Be7 10. Bf4 O-O 11. Qd2 Ncb6 12. Bb3 Rc8 13. Bg3 Nd5 14. c4 N5b6
15. a4 Na8 16. a5 b6 17. a6 c5 18. d5 exd5 19. cxd5 c4 20. Ba4 Re8 21. d6 Bf8
22. Bc2 Bxc2 23. Qxc2 Rc5 24. Rfe1 b5 25. Qf5 g6 26. Qf4 Bg7 27. Bh4 Qb6 28. Bf6
Nxf6 29. exf6 Rxe1+ 30. Rxe1 Bf8 31. Re8 Qc6 32. Rd8 Qd5 33. h3 Qe6 34. Qh6 Qxf6
35. Rxf8# {Black checkmated} 1-0

[Event "Team 45 45 League T77"]
[Site "Internet Chess Club"]
[Date "2018.07.28"]
[Round "6"]
[White "renebonilla1969"]
[Black "henrychess99"]
[Result "1-0"]
[WhiteElo "1171"]
[BlackElo "1110"]
[Opening "Ruy Lopez: 5.O-O"]
[ECO "C78"]
[Time "13:51:55"]
[TimeControl "2700+45"]

1. e4 e5 2. Nf3 Nc6 3. Bb5 a6 4. Ba4 Nf6 5. O-O b5 6. Bb3 Bc5 7. c3 d6 8. Re1
Bg4 9. h3 Bh5 10. g4 Bg6 11. Bc2 Qb8 12. d4 Bb6 13. d5 Ne7 14. Nbd2 Qa7 15. Re2
O-O 16. Nf1 c6 17. Bg5 cxd5 18. Bxf6 gxf6 19. Nh4 Bxe4 20. Bxe4 dxe4 21. Qxd6
Rad8 22. Qxf6 Ng6 23. Nf5 Bxf2+ 24. Rxf2 Qxf2+ 25. Kxf2 e3+ 26. N1xe3 Rd2+ 27.
Ke1 Re2+ 28. Kxe2 Nf4+ 29. Kf3 e4+ 30. Kxf4 Ra8 31. Qg7# {Black checkmated} 1-0

[Event "Team 45 45 League T77"]
[Site "Internet Chess Club"]
[Date "2018.07.29"]
[Round "6"]
[White "RubicCube"]
[Black "Ticktockman"]
[Result "1/2-1/2"]
[WhiteElo "1109"]
[BlackElo "1137"]
[Opening "Scandinavian (center counter) defense"]
[ECO "B01"]
[Time "19:01:36"]
[TimeControl "2700+45"]

1. e4 d5 2. exd5 Qxd5 3. Nc3 Qe5+ 4. Qe2 Qxe2+ 5. Bxe2 e6 6. d4 Nf6 7. Nb5 Bd6
8. Nf3 O-O 9. Bg5 Nbd7 10. O-O a6 11. Nc3 Bb4 12. Bd2 c5 13. dxc5 Nxc5 14. a3
Bxc3 15. Bxc3 Ncd7 16. Ne5 Nd5 17. Bd4 Nxe5 18. Bxe5 b5 19. Bf3 Bb7 20. a4 Rac8
21. c3 Bc6 22. axb5 Bxb5 23. Rfd1 Rfd8 24. Rd2 Bc4 25. Rd4 f6 26. Bg3 e5 27. Rd2
Nb6 28. Rad1 Rxd2 29. Rxd2 Na4 30. Bd1 Nc5 31. Be2 Ne4 32. Bxc4+ Rxc4 33. Rd8+
Kf7 34. Rd7+ Kg6 35. Rd3 Nc5 36. Re3 Re4 37. Rxe4 Nxe4 38. f3 Nxg3 39. hxg3 Kf5
40. Kf2 Ke6 41. Ke3 Kd5 42. Kd3 f5 43. c4+ Kc5 44. Kc3 a5 45. b3 g5 46. Kb2 Kd4
47. Ka3 e4 48. Ka4 e3 49. Kxa5 e2 50. Kb6 e1=Q 51. c5 Qb4+ 52. Ka6 Qxc5 53. Kb7
Qb4+ 54. Kc7 Qxb3 55. Kc6 h5 56. Kd6 Ke3 57. Ke5 f4 58. gxf4 gxf4 59. g4 hxg4
60. fxg4 f3 61. g5 f2 62. g6 f1=Q 63. Kd6 Qf6+ 64. Kc5 Qxg6 {White stalemated}
1/2-1/2